 Dungeon Crawl Stone Soup version 0.21-a0-538-gd16b88a (webtiles) character file.

9 theanonym the Skirmisher (level 2, 24/24 HPs)
             Began as a Demonspawn Monk on Dec 16, 2017.
             Quit the game on level 1 of the Dungeon.
             The game lasted 00:00:22 (323 turns).

theanonym the Skirmisher (Demonspawn Monk)           Turns: 323, Time: 00:00:22

Health: 24/24      AC:  2    Str: 11    XL:     2   Next: 3%
Magic:  2/2        EV: 13    Int: 11    God:
Gold:   0          SH:  0    Dex: 15    Spells: 1/1 levels left

rFire    . . .     SeeInvis .     - Unarmed
rCold    . . .     Gourm    .   (no shield)
rNeg     . . .     Faith    .   a - +0 robe {0}
rPois    .         Spirit   .   (no helmet)
rElec    .         Reflect  .   (no cloak)
rCorr    .         Harm     .   (no gloves)
MR       .....                  (no boots)
Stlth    ++........             (no amulet)
HPRegen  0.08/turn              (no ring)
MPRegen  0.08/turn              (no ring)

@: no status effects
A: spiny 1
a: no special abilities


Innate Abilities, Weirdness & Mutations

You are partially covered in sharp spines.


   Skills:
 + Level 3.2 Fighting
 - Level 2.6 Dodging
 - Level 1.7 Stealth
 * Level 3.1 Unarmed Combat


You had one spell level left.
You didn't know any spells.

Skill      XL: |  1 |
---------------+----+-----
Unarmed Combat | 3 |  3.1
Fighting       | |  3.2
Dodging        | |  2.6
Stealth        | |  1.7

Action                   || total
-------------------------++-------
Melee: Unarmed           ||    17
Armor: Robe              ||     2
Dodge: Dodged            ||     9

Inventory:

Armour
 a - a +0 robe (worn) {0}
Potions
 b - a potion of heal wounds {unknown}
 c - a potion of brilliance {unknown}
 d - 2 potions of invisibility {unknown}
Comestibles
 e - a bread ration


You were on level 1 of the Dungeon.
You were not hungry.

You visited 1 branch of the dungeon, and saw 1 of its levels.

Dungeon Overview and Level Annotations

Branches:
Dungeon (1/15)

Altars:


Message History

e - a bread ration Welcome, theanonym the Demonspawn Monk.
Will you prevail where others failed? Will you find the Orb of Zot?
Found a staircase leading out of the dungeon.
Unknown command.
You open the large door.
There is a large open door here.
You enter the shallow water.
Moving in this stuff is going to be slow.
A kobold comes into view. It is wielding a whip.
The kobold shouts!
A kobold comes into view. It is wielding a short sword.
There are monsters nearby!
There are monsters nearby!
There are monsters nearby!
The kobold shouts!
You hear a shout!
The teleport trap disappears.
The kobold disappears!
The kobold reappears nearby!
A kobold comes into view. It is wielding a club.
The kobold throws a stone.
The stone closely misses you.
An ooze comes into view.
You hit the kobold.
You kill the kobold!
The kobold hits you with a club.
Things that are here:
a short sword; a kobold corpse You take 1 damage, and have 17/18 hp.
You hit the kobold. The kobold barely misses you.
You hit the kobold.
You kill the kobold!
The ooze hits you.
Things that are here:
a club; a kobold corpse You take 2 damage, and have 15/18 hp.
You hit the ooze. The ooze misses you.
You barely miss the ooze. The ooze misses you.
You hit the ooze but do no damage. The ooze hits you.
You take 2 damage, and have 13/18 hp.
You hit the ooze. The ooze barely misses you.
You hit the ooze.
You kill the ooze!
Your Unarmed Combat skill increases to level 3!
You closely miss the kobold. The kobold hits you with a whip.
* * * LOW HITPOINT WARNING * * *
You take 4 damage, and have 9/18 hp.
MASSIVE DAMAGE!!
You are too injured to fight recklessly!
You are too injured to fight recklessly!
You are too injured to fight recklessly!
You are too injured to fight recklessly!
You are too injured to fight recklessly!
You hit the kobold but do no damage. The kobold closely misses you.
You hit the kobold but do no damage. The kobold barely misses you.
You closely miss the kobold. The kobold hits you with a whip.
* * * LOW HITPOINT WARNING * * *
You take 6 damage, and have 3/18 hp.
MASSIVE DAMAGE!!
You hit the kobold.
You kill the kobold!
You see here a whip.
You start resting.
Health restored: 18
b - a fizzy purple potion
Found 21 stones.
A kobold comes into view. It is wielding a dagger.
A kobold is nearby!
A kobold is nearby!
The kobold shouts!
The kobold throws a stone.
The stone hits you but does no damage.
Found 2 metallic red potions.
You see here a stone.
The kobold throws a stone.
The stone barely misses you.
Found 22 arrows.
You hit the kobold.
You kill the kobold!
No target in view!
No target in view!
No target in view!
c - a pink potion
d - 2 metallic red potions
Found a stone staircase leading down. 2 goblins come into view.
The goblin shouts!
You hit the goblin but do no damage. The goblin hits you but does no damage.
You closely miss the goblin. The goblin hits you but does no damage.
You hit the goblin.
You kill the goblin!
You have reached level 2!
Your demonic ancestry asserts itself...
Sharp spines emerge from parts of your body.
The goblin is struck by your spines. The goblin barely misses you.
Health restored: 24; MP restored: 2

.........# ....
.........#.....
.........#.....
.........#.....
...............
..............###
#..>...)..........
#....$.@g.........
#...............##
#.................
.#................
##....#..........
#.....#..............
#.....#...#####.....(
#..#......###........
##.#.................


You could see a goblin.

Notes
Turn   | Place    | Note
-------+----------+-------------------------------------------
     0 | D:1      | theanonym the Demonspawn Monk began the quest for the Orb.
     0 | D:1      | Reached XP level 1. HP: 18/18 MP: 1/1
    27 | D:1      | Reached skill level 3 in Unarmed Combat
    28 | D:1      | HP: 9/18 [kobold/whip (4)]
    31 | D:1      | HP: 3/18 [kobold/whip (6)]
   322 | D:1      | Gained mutation: You are partially covered in sharp spines. [demonic ancestry]
   322 | D:1      | Reached XP level 2. HP: 24/24 MP: 2/2
   323 | D:1      | Quit the game

Vanquished Creatures
  An ooze (D:1)
  A goblin (D:1)
  4 kobolds (D:1)
6 creatures vanquished.

Table legend:
 A = Turns spent in this place as a percentage of turns spent in the entire game.
 B = Non-inter-level travel turns spent in this place as a percentage of non-inter-level travel turns spent in the entire game.
 C = Inter-level travel turns spent in this place as a percentage of turns spent in this place.
 D = Turns resting spent in this place as a percentage of non-inter-level travel turns spent in this place.
 E = Turns spent auto-exploring this place as a percentage of non-inter-level travel turns spent in this place.
 F = Non-inter-level travel turns spent in this place divided by the number of levels of this place that you've seen.
                   A       B       C       D       E      F
               +-------+-------+-------+-------+-------+----------------------
         Total | 100.0 | 100.0 |   0.0 |  71.5 |  16.1 | 323.0
       Dungeon | 100.0 | 100.0 |   0.0 |  71.5 |  16.1 | 323.0
               +-------+-------+-------+-------+-------+----------------------
